 Dungeon Crawl Stone Soup version 0.23.1 (webtiles) character file.

Game seed: 13073493744312893853

62 Borgoz the Sneak (level 4, -1/35 HPs)
             Began as a Ghoul Enchanter on Mar 3, 2019.
             Slain by an adder (3 damage)
             ... on level 2 of the Dungeon.
             The game lasted 00:01:40 (1453 turns).

Borgoz the Sneak (Ghoul Enchanter)                  Turns: 1453, Time: 00:01:41

Health: -1/35      AC:  2    Str: 11    XL:     4   Next: 8%
Magic:  5/5        EV: 12    Int: 13    God:
Gold:   39         SH:  0    Dex: 10    Spells: 5/6 levels left

rFire    . . .     SeeInvis .   a - +1 dagger
rCold    + . .     Gourm    .   (no shield)
rNeg     + + +     Faith    .   b - +0 robe
rPois    ∞         Spirit   .   (no helmet)
rElec    .         Reflect  .   (no cloak)
rCorr    .         Harm     .   (no gloves)
MR       .....                  (no boots)
Stlth    ++........             (no amulet)
HPRegen  0.00/turn              h - +3 ring of intelligence
MPRegen  0.09/turn              (no ring)

@: rotting
A: rotting body, claws 1, carnivore, cold resistance 1, negative energy
resistance 3, inhibited regeneration, torment resistance, unbreathing
a: no special abilities


You were on level 2 of the Dungeon.
You were not hungry.

You visited 1 branch of the dungeon, and saw 2 of its levels.

You collected 39 gold pieces.

Inventory:

Hand Weapons
 a - a +1 dagger (weapon)
 k - a +0 dagger of pain
Armour
 b - a +0 robe (worn)
Jewellery
 h - a +3 ring of intelligence (left claw)
Scrolls
 e - a scroll of magic mapping {unknown}
 f - a scroll of enchant weapon {unknown}
 i - a scroll of enchant armour {unknown}
Potions
 g - a potion of flight {unknown}
 j - a potion of curing {unknown}
 l - a potion of lignification {unknown}
Comestibles
 d - 5 rations


   Skills:
 + Level 1.2 Fighting
 * Level 1.9 Short Blades
 * Level 1.4 Armour
 * Level 2.5 Dodging
 - Level 3.2 Stealth
 - Level 1.7 Spellcasting
 - Level 2.4 Hexes


You had 5 spell levels left.
You knew the following spells:

 Your Spells              Type           Power        Failure   Level  Hunger
a - Corona                Hex            #......      10%         1    ##.....

Your spell library contained the following spells:

 Spells                   Type           Power        Failure   Level  Hunger
 Ensorcelled Hibernation  Hex/Ice        #.....       24%         2    ###....
 Confuse                  Hex            #.......     28%         3    ####...
 Tukima's Dance           Hex            #.......     28%         3    ####...
 Dazzling Spray           Conj/Hex       #.....       43%         3    ####...


Dungeon Overview and Level Annotations

Branches:
Dungeon (2/15)

Altars:


Innate Abilities, Weirdness & Mutations

Your body is rotting away.
You thrive on raw meat.
You are immune to poison.
You have sharp fingernails.
You are carnivorous and can eat meat at any time.
Your flesh is cold resistant. (rC+)
You are immune to negative energy. (rN+++)
You do not regenerate when monsters are visible.
You are immune to unholy pain and torment.
You can survive without breathing.


Message History

The adder hisses angrily.
You hit the quokka but do no damage.
The quokka is severely wounded.
The jackal barely misses you. The quokka barely misses you.
The jackal bites you.
You barely miss the quokka.
The quokka is severely wounded.
The quokka bites you.
* * * LOW HITPOINT WARNING * * *
The jackal closely misses you. The quokka bites you.
* * * LOW HITPOINT WARNING * * *
The jackal bites you.
* * * LOW HITPOINT WARNING * * *
The adder bites you.
* * * LOW HITPOINT WARNING * * *
The jackal bites you.
* * * LOW HITPOINT WARNING * * *
The adder bites you.
You die...

.# #... .# .# #...##. # .#
#...#.. .# ##
#....>#########>## ##
#....)#..........# .##
#.....#.......?..# ..##
#.......r........# ...###
######.##.S........#
.....###........@h........#
.........#.#####..........#
..#.....##.# #..........#
####.<#....# #####.###..#
##..#...## #... #...
##......## #.#.. .#.
##..#...# #.##.r # #.##...#
.# ## ###...#..####


You could see an adder, a quokka and a jackal.

Vanquished Creatures
  2 adders (D:2)
  An ooze (D:2)
  A worm (D:2)
  A dart slug (D:2)
  4 leopard geckos
  A giant cockroach (D:1)
  3 goblins
  3 hobgoblins
  5 jackals
  2 quokkas (D:2)
  2 frilled lizards (D:1)
  2 kobolds (D:1)
  2 rats
29 creatures vanquished.

Notes
Turn   | Place    | Note
-------+----------+-------------------------------------------
     0 | D:1      | Borgoz the Ghoul Enchanter began the quest for the Orb.
     0 | D:1      | Reached XP level 1. HP: 14/14 MP: 2/2
   128 | D:1      | Reached skill level 1 in Short Blades
   231 | D:1      | Reached XP level 2. HP: 19/22 MP: 3/3
   707 | D:1      | Reached skill level 1 in Armour
   811 | D:2      | Reached XP level 3. HP: 27/27 MP: 4/4
   875 | D:2      | Reached skill level 1 in Fighting
  1226 | D:2      | Reached XP level 4. HP: 28/35 MP: 5/5
  1453 | D:2      | Slain by an adder

Skill      XL: |  1  2  3 |
---------------+----------+-----
Short Blades   | 1 |  1.9
Dodging        | 2 |  2.5
Armour         | 1 |  1.4
Fighting       | 1 |  1.2
Stealth        | |  3.2
Spellcasting   | |  1.7
Hexes          | |  2.4

Action                   |  1- 3 |  4- 6 || total
-------------------------+-------+-------++-------
Melee: Dagger            |   134 |    36 ||   170
  Use: Potion            |     2 |       ||     2
 Stab: Sleeping          |     2 |       ||     2
  Eat: Chunk             |     7 |     2 ||     9
Armor: Robe              |    23 |     4 ||    27
Dodge: Dodged            |    75 |    22 ||    97
